 Dungeon Crawl Stone Soup version 0.28.0-53-g5a82cb258f (webtiles) character file.

Game seed: 12805207933042787483

33 Peloso the Covered (level 3, -4/33 HPs)
             Began as a Minotaur Fighter on May 27, 2022.
             Was an Initiate of Okawaru.
             Killed by divine providence
             ... invoked by an orc priest
              (16 damage)
             ... on level 3 of the Dungeon.
             The game lasted 00:02:28 (1861 turns).

Peloso the Covered (Minotaur Fighter)               Turns: 1861, Time: 00:02:29

Health: -4/33      AC:  9    Str: 20    XL:     3   Next: 12%
Magic:  2/2        EV:  7    Int:  5    God:    Okawaru [......]
Gold:   92         SH:  4    Dex: 11    Spells: 2/2 levels left

rFire   . . .      SeeInvis .   a - +0 long sword
rCold   . . .      Faith    .   c - +0 buckler
rNeg    . . .      Spirit   .   h - +0 chain mail
rPois   .          Reflect  .   (helmet restricted)
rElec   .          Harm     .   (no cloak)
rCorr   .          Rampage  .   (no gloves)
Will    .....                   (no boots)
Stlth   ..........              (no amulet)
HPRegen 0.11/turn               (no ring)
MPRegen 0.08/turn               (no ring)

@: no status effects
A: horns 2, retaliatory headbutt
a: Renounce Religion


You were on level 3 of the Dungeon.
You worshipped Okawaru.
Okawaru was noncommittal.
You visited 1 branch of the dungeon, and saw 3 of its levels.

You collected 92 gold pieces.

Inventory:

Hand Weapons
 a - a +0 long sword (weapon)
Armour
 b - a +0 scale mail
 c - a +0 buckler (worn)
 h - a +0 chain mail (worn)
Potions
 d - a potion of might
 e - a potion of haste
 i - a potion of mutation {unknown}
 j - a potion of curing {unknown}
 m - a potion of degeneration {unknown}
 n - 2 potions of attraction {unknown}


   Skills:
 + Level 4.1 Fighting
 + Level 2.8 Long Blades
 + Level 4.2 Armour
 + Level 4.0 Shields


You had 2 spell levels left.
You didn't know any spells.
Your spell library contained the following spells:

 Spells                   Type           Power      Damage    Failure   Level
 Orb of Destruction       Conj           0%         9d5       100%        7
 Summon Guardian Golem    Hex/Summ       Unusable   N/A       N/A         3
 Spellforged Servitor     Conj/Summ      Unusable   N/A       N/A         7

Dungeon Overview and Level Annotations

Branches:
Dungeon (3/15)

Altars:
Okawaru

Shops:
D:1 *   D:3 (


Innate Abilities, Weirdness & Mutations

You have a pair of horns on your head.
You reflexively headbutt those who attack you in melee.


Message History

Okawaru accepts your kill.
Things that are here:
a +0 club; a kobold corpse You open the door.
There is an open door here.
You open the door.
There is an open door here.
You open the door.
There is an open door here.
An orc priest comes into view. It is wielding a +0 club.
The orc priest shouts!
You hear an angry hiss.
You hear a shout!
An orc comes into view. It is wielding a +0 short sword.
The orc priest invokes the aid of Beogh against you.
Beogh smites you!
There are monsters nearby!
There are monsters nearby!
A quokka comes into view.
You hit the orc priest.
The orc priest is moderately wounded.
The orc priest invokes the aid of Beogh against you.
Beogh smites you!
The orc priest hits you but does no damage.
You hear a shout!
You barely miss the orc priest.
The orc priest is moderately wounded.
The orc priest barely misses you.
You barely miss the orc priest.
The orc priest is moderately wounded.
The orc priest hits you but does no damage.
You hit the orc priest.
The orc priest is heavily wounded.
The orc priest barely misses you.
The orc priest hits you but does no damage.
You barely miss the orc priest.
The orc priest is heavily wounded.
You hit the orc.
The orc is severely wounded.
The orc priest mumbles some strange prayers to Beogh against you.
Beogh smites you!
You die...

### ... #####
####.### #....
#####.ro...#
#.....#...##o#.#...o
### #.....#.#.##@# #
o ..# #.......#....#
#'#########'######
.............#
.............#
.....[.......##
...........)..#
..............#
..............#


You could see an orc priest, an orc and a quokka.

Vanquished Creatures
  A dart slug (D:1)
  4 ball pythons
  A bat (D:1)
  An endoplasm (D:1)
  A goblin (D:1)
  2 hobgoblins (D:1)
  11 kobolds
  3 quokkas (D:1)
  2 frilled lizards (D:1)
  3 rats
29 creatures vanquished.

Vanquished Creatures (others)
  10 plants (D:1)
10 creatures vanquished.

Grand Total: 39 creatures vanquished

Notes
Turn   | Place    | Note
-------+----------+-------------------------------------------
     0 | D:1      | Peloso the Minotaur Fighter began the quest for the Orb.
     0 | D:1      | Reached XP level 1. HP: 19/19 MP: 0/0
   197 | D:1      | Reached XP level 2. HP: 27/27 MP: 1/1
   217 | D:1      | Found Zoploud's Assorted Antiques.
  1133 | D:2      | Reached XP level 3. HP: 33/33 MP: 2/2
  1270 | D:2      | Found an iron altar of Okawaru.
  1278 | D:2      | Became a worshipper of Warmaster Okawaru
  1328 | D:2      | Found a faded altar of an unknown god.
  1636 | D:3      | Found Ynagiroami's Antique Weapon Emporium.
  1861 | D:3      | Killed from afar by an orc priest

Illustrated notes

Levels and vault maps discovered:
D:1:      eino_arrival_tree_alley, layout_basic, serial_shops,
          nicolae_lakefront_shop, lexackson_kobold_supper
D:2:      layout_basic, dreamdust_ecumenical_altar_sealed_demon, basic_altar
D:3:      layout_basic, serial_shops, shop

Skill      XL: |  1  2 |
---------------+-------+-----
Fighting       | 4 |  4.1
Armour         | 4 |  4.2
Shields        | 4 |  4.0
Long Blades    | |  2.8

Action                   || total
-------------------------++-------
Melee: Long sword        ||    71
       Headbutt          ||     8
  Use: Scroll            ||     5
Armor: Scale mail        ||    26
       Chain mail        ||    14
Dodge: Dodged            ||    34
Block: Buckler           ||    16
